 Dungeon Crawl Stone Soup version 0.19-a0-1127-gac58878 (webtiles) character file.

114 torvon the Conjurer (level 4, 0/23 HPs)
             Began as a Vine Stalker Conjurer on Aug 12, 2016.
             Was an Initiate of Sif Muna.
             Slain by a worm (3 damage)
             ... on level 3 of the Dungeon.
             The game lasted 00:15:25 (2825 turns).

torvon the Conjurer (Vine Stalker Conjurer)         Turns: 2825, Time: 00:15:26

Health: 0/23       AC:  4    Str: 10    XL:     4   Next: 98%
Magic:  0/8        EV: 13    Int: 16    God:    Sif Muna [......]
Gold:   159        SH:  0    Dex: 15    Spells: 2 memorised, 2 levels left

rFire  . . .     SeeInvis .     q - -2 hunting sling (curse)
rCold  . . .     Gourm    .     a - +0 robe
rNeg   . . .     Faith    .     (no shield)
rPois  .         Spirit   +     k - +0 helmet
rElec  .         Dismiss  .     (no cloak)
rCorr  .         Reflect  .     m - +0 pair of gloves
SustAt .         Harm     .     (no boots)
MR     .....                    (no amulet)
Stlth  ++........               (no ring)
                                (no ring)

@:
A: fangs 2, regeneration 1, magic shield, antimagic bite, no device heal 3, rot
immunity
a: Renounce Religion


You were on level 3 of the Dungeon.
You worshipped Sif Muna.
Sif Muna was noncommittal.
You were not hungry.

You visited 1 branch of the dungeon, and saw 3 of its levels.

You collected 159 gold pieces.

Inventory:

Hand Weapons
 o - a +0 hand axe
 q - a cursed -2 hunting sling (weapon)
 x - a +0 long sword
Missiles
 f - 2 tomahawks (quivered)
Armour
 a - a +0 robe (worn)
 h - a +0 shield
 i - a +0 hat
 k - a +0 helmet (worn)
 m - a +0 pair of gloves (worn)
 r - a +2 chain mail of cold resistance
Jewellery
 j - a +4 ring of evasion {unknown}
Scrolls
 d - a scroll of teleportation {unknown}
 g - 2 scrolls of enchant armour
Potions
 e - a potion of flight {unknown}
 l - a potion of lignification {unknown}
 t - a potion of curing {unknown}
 v - a potion of haste
Books
 b - a book of Conjurations

   Spells                             Type                      Level
   a - Magic Dart                     Conjuration                  1
   b - Searing Ray                    Conjuration                  2
   c - Dazzling Spray                 Conjuration/Hexes            3
   d - Fulminant Prism                Conjuration/Hexes            4
   e - Iskenderun's Mystic Blast      Conjuration                  4
   f - Iskenderun's Battlesphere      Conjuration/Charms           5
Comestibles
 n - a beef jerky
 s - 3 meat rations


   Skills:
 - Level 2.4 Fighting
 - Level 2.1 Dodging
 - Level 2.4 Stealth
 + Level 2.3 Spellcasting
 * Level 4.8 Conjurations


You had 2 spell levels left.
You knew the following spells:

 Your Spells              Type           Power        Failure   Level  Hunger
a - Magic Dart            Conj           ###.         3%          1    #......
b - Iskenderun's Mystic   Conj           ###.....     34%         4    #####..


Dungeon Overview and Level Annotations

Branches:
Dungeon (3/15)

Altars:
Sif Muna
Uskayaw


Innate Abilities, Weirdness & Mutations

You have extremely sharp teeth.
Your natural rate of healing is unusually fast.
When hurt, damage is shared between your health and your magic reserves.
Your bite disrupts and absorbs the magic of your enemies.
Potions and wands cannot restore your health.
You are immune to rotting.


Message History

The worm completely misses you.
You clumsily bash the worm but do no damage.
Your bite misses the worm.
The worm is moderately wounded.
The worm barely misses you.
You clumsily bash the worm but do no damage.
The worm is moderately wounded.
The worm bites you!
* * * LOW HITPOINT WARNING * * *
You clumsily bash the worm but do no damage.
You bite the worm, but do no damage.
The worm is lightly wounded.
The worm closely misses you.
You barely miss the worm. Your bite misses the worm.
The worm is lightly wounded.
The worm barely misses you.
You clumsily bash the worm but do no damage.
The worm is lightly wounded.
The worm bites you.
You die...

#.,,,***#.........#.##.....##.#
..,,,,,,+.........'........##.#
.#,,,***#.........#.##........#
.#*,** ##.......##........####
.#*** ##.....#########.## (#
##...## #.# .# ##'## #.# .#
##########.###### #.# .#
#...........w@..# #.# .#
#.########.####.######.# .# #.#
##...###........# .# #.#
#.....########### .# #.#
##...## .###.# ##.## .....# ###
######


You could see a worm.

Vanquished Creatures
  Natasha (D:3)
  3 adders (D:2)
  2 oozes (D:2)
  A worm (D:2)
  2 dart slugs (D:1)
  3 giant geckos (D:2)
  6 bats
  A giant cockroach (D:1)
  8 goblins
  5 hobgoblins
  5 kobolds
  A ball python (D:2)
  5 giant newts
  3 rats
46 creatures vanquished.

Notes
Turn   | Place    | Note
-------+----------+-------------------------------------------
     0 | D:1      | torvon the Vine Stalker Conjurer began the quest for the Orb.
     0 | D:1      | Reached XP level 1. HP: 9/9 MP: 4/4
   103 | D:1      | Reached skill level 1 in Fighting
   158 | D:1      | Reached XP level 2. HP: 14/14 MP: 4/6
   960 | D:1      | Reached XP level 3. HP: 18/18 MP: 5/7
  1444 | D:2      | Found a hide-covered altar of Uskayaw.
  1564 | D:2      | Reached XP level 4. HP: 11/23 MP: 1/8
  1707 | D:2      | Learned a level 4 spell: Iskenderun's Mystic Blast
  2241 | D:2      | Found a deep blue altar of Sif Muna.
  2257 | D:2      | Became a worshipper of Sif Muna the Loreminder
  2340 | D:3      | Noticed Natasha
  2349 | D:3      | Killed Natasha
  2811 | D:3      | HP: 1/23 [worm (4)]
  2825 | D:3      | Slain by a worm

Vault maps used:
D:1:      minmay_arrival_five_plusses
D:2:      old_standard_altar, lemuel_round_altar, serial_glass, glass_columns_c,
          glass_columns_a
D:3:      kennysheep_goblin_castle, lemuel_round_altar, ecumenical_altar_1,
          uniq_grinder, uniq_natasha, uniq_sigmund

Skill      XL: |  1  2  3  4 |
---------------+-------------+-----
Fighting       | 1 2 |  2.4
Dodging        | 2 |  2.1
Stealth        | |  2.4
Spellcasting   | |  2.3
Conjurations   | |  4.8

Action                   |  1- 3 |  4- 6 || total
-------------------------+-------+-------++-------
Melee: Club              |    35 |     4 ||    39
       Bite              |     4 |    13 ||    17
       Hunting sling     |       |    33 ||    33
Throw: Tomahawk          |       |     2 ||     2
 Cast: Magic Dart        |    59 |    45 ||   104
       Iskenderun's Myst |       |     1 ||     1
  Use: Scroll            |     3 |     4 ||     7
  Eat: Chunk             |     3 |     3 ||     6
       Bread ration      |       |     1 ||     1
Armor: Robe              |    20 |     6 ||    26
Dodge: Dodged            |    46 |    27 ||    73
